AoeStats
← OpulentSilver

Black Forest

509434173Analyzed
2v2 RM · 6d ago on Sep 26, 2026· 59m 36s· 4 players
Game mode
Random Map
Map size
Medium (4 player)
Population
200
Speed
Normal
Resources
Standard
Victory
Conquest
Starting age
Dark Age
Ending age
Imperial Age
RankedLock teamsTeams togetherTeam positionsShared explorationLock speedFull tech treeHidden civsTurbo modeCheats
Victory
Defeat
🇹🇷 Khmer · Türkiye
720
+14
🇧🇷 Saxons · Brazil
632
+18
🇵🇱 Celts · Poland
683
-16
🇵🇱 Britons · Poland
676
-16
OpulentSilver
5:43 Loom
12:12 Feudal Age
12:37 Horse Collar
12:45 Double-Bit Axe
16:17 Wheelbarrow
18:13 Town Watch
21:52 Castle Age
21:45 Stone Mining
23:20 Bow Saw
23:14 Heavy Plow
25:00 Hand Cart
26:34 Forging
26:24 Scale Mail Armor
28:26 Iron Casting
28:36 Man-at-Arms
29:34 Gold Mining
29:18 Long Swordsman
31:42 Gambesons
32:15 Chain Mail Armor
34:38 Imperial Age
34:40 Gold Shaft Mining
34:27 Fletching
34:57 Squires
35:11 Caravan
36:47 Plate Mail Armor
37:15 Bodkin Arrow
37:46 Ballistics
38:59 Bracer
39:18 Shield Wall
40:55 Padded Archer Armor
40:59 Elite Varangian Guard
42:34 Masonry
42:31 Siege Engineers
43:28 Chemistry
43:27 Elite Hearth Troop
44:46 Leather Archer Armor
45:20 Architecture
44:47 Murder Holes
44:29 Clerical Recruitment
48:11 Onager
51:21 Hoardings
TheImam™
2:12 Loom
11:28 Feudal Age
17:29 Castle Age
15:37 Double-Bit Axe
16:38 Horse Collar
17:02 Stone Mining
22:48 Heavy Plow
22:42 Gold Mining
24:13 Bow Saw
24:41 Stone Shaft Mining
24:41 Gold Shaft Mining
30:53 Imperial Age
29:03 Wheelbarrow
31:26 Scale Barding Armor
31:32 Forging
31:22 Padded Archer Armor
33:17 Crop Rotation
33:49 Hand Cart
35:28 Caravan
36:24 Elite Battle Elephant
37:05 Husbandry
37:15 Bloodlines
37:31 Conscription
37:40 Tusk Swords
39:27 Fortified Wall
40:18 Chemistry
40:20 Double Crossbow
42:03 Heavy Scorpion
42:37 Elite Ballista Elephant
45:44 Chain Barding Armor
45:40 Leather Archer Armor
45:16 Fletching
46:01 Iron Casting
45:00 Cavalier
46:43 Hoardings
46:30 Siege Engineers
46:56 Masonry
56:49 Plate Barding Armor
57:15 Blast Furnace
56:45 Ring Archer Armor
56:11 Bodkin Arrow
56:17 Scale Mail Armor
Doctor
0:34 Loom
14:24 Feudal Age
15:08 Horse Collar
15:17 Double-Bit Axe
16:11 Wheelbarrow
22:15 Castle Age
21:51 Stone Mining
21:57 Gold Mining
23:05 Heavy Plow
23:19 Bow Saw
23:16 Caravan
24:49 Fletching
27:37 Murder Holes
28:14 Hand Cart
29:11 Gold Shaft Mining
32:11 Imperial Age
30:44 Ballistics
29:48 Pikeman
31:51 Bodkin Arrow
32:09 Forging
32:00 Scale Mail Armor
33:12 Stone Shaft Mining
35:35 Conscription
37:06 Chain Mail Armor
40:31 Siege Engineers
41:05 Iron Casting
44:08 Furor Celtica
45:22 Heavy Scorpion
48:55 Husbandry
49:22 Elite Woad Raider
belarusaczka
0:29 Loom
15:04 Feudal Age
15:47 Horse Collar
15:55 Double-Bit Axe
16:27 Stone Mining
16:28 Gold Mining
18:07 Wheelbarrow
23:01 Castle Age
21:01 Fletching
21:27 Scale Mail Armor
24:09 Bow Saw
24:04 Heavy Plow
24:13 Caravan
25:14 Gold Shaft Mining
25:53 Bodkin Arrow
32:09 Imperial Age
29:56 Murder Holes
30:13 Fortified Wall
30:52 Hand Cart
30:24 Town Watch
31:46 Scale Barding Armor
31:44 Padded Archer Armor
31:29 Light Cavalry
32:11 Husbandry
33:16 Ballistics
33:58 Chemistry
34:29 Two-Man Saw
34:11 Masonry
34:30 Guilds
34:11 Cavalier
35:19 Warwolf
37:24 Leather Archer Armor
37:20 Forging
37:12 Bracer
37:28 Chain Mail Armor
37:34 Chain Barding Armor
37:33 Town Patrol
39:32 Elite Longbowman
41:40 Plate Mail Armor
41:47 Iron Casting
42:04 Yeomen
43:28 Architecture
Connection lost

Rejoining the realm…

Still unreachable

The connection could not be restored.

Session expired

The server has moved on; the page needs a fresh start.